 Dungeon Crawl Stone Soup version 0.22.1-1-ga44c0e56f4 (webtiles) character file.

1985 KleinerIrrer the Blocker (level 9, -2/58 HPs)
             Began as an Octopode Fighter on Oct 19, 2018.
             Was an Initiate of Cheibriados.
             Slain by Harold
             ... wielding a +0 halberd
              (22 damage)
             ... on level 7 of the Dungeon.
             The game lasted 00:13:40 (6770 turns).

KleinerIrrer the Blocker (Octopode Fighter)         Turns: 6770, Time: 00:13:41

Health: -2/58      AC:  1    Str: 16    XL:     9   Next: 21%
Magic:  9/9        EV: 13    Int: 12    God:    Cheibriados [......]
Gold:   171        SH: 18    Dex: 15    Spells: 8/8 levels left

rFire    . . .     SeeInvis .     - Unarmed
rCold    . . .     Gourm    .   q - +3 large shield
rNeg     . . .     Faith    .   (helmet restricted)
rPois    .         Spirit   .   m - amulet of regeneration
rElec    .         Reflect  .   (no ring)
rCorr    .         Harm     .   (no ring)
MR       .....                  (no ring)
Stlth    ++........             (no ring)
HPRegen  0.59/turn              (no ring)
MPRegen  0.11/turn              (no ring)
                                (no ring)
                                (no ring)

@: about to teleport, very slow
A: almost no armour, stealthy swim, amphibious, 8 rings, constrict 8, camouflage
1, gelatinous body 1
a: Bend Time, Renounce Religion


You were on level 7 of the Dungeon.
You worshipped Cheibriados.
Cheibriados was noncommittal.
You were not hungry.

You visited 2 branches of the dungeon, and saw 8 of its levels.

You collected 367 gold pieces.
You spent 196 gold pieces at shops.

Inventory:

Missiles
 g - 24 poisoned needles
Armour
 q - a +3 large shield (worn)
Jewellery
 m - an amulet of regeneration (around mantle)
Wands
 p - a wand of enslavement (16)
 s - a wand of acid (10)
Scrolls
 b - a scroll of magic mapping
 e - a scroll of fear {unknown}
 j - 3 scrolls of blinking {unknown}
 k - a scroll of fog {unknown}
 o - a scroll of enchant armour
 r - 2 scrolls of random uselessness {unknown}
 u - 4 scrolls of remove curse {unknown}
Potions
 a - a potion of flight
 f - 4 potions of curing
 h - a potion of lignification {unknown}
 i - a potion of might
 l - 2 potions of heal wounds {unknown}
 n - a potion of mutation {unknown}
 t - 2 potions of degeneration {unknown}
 w - 3 potions of ambrosia
Comestibles
 c - 12 rations
 x - a chunk of flesh


   Skills:
 + Level 4.0 Fighting
 + Level 5.2 Dodging
 * Level 8.0 Shields
 + Level 7.8 Unarmed Combat


You had 8 spell levels left.
You didn't know any spells.
Your spell library contained the following spells:

 Spells                   Type           Power        Failure   Level  Hunger
 Magic Dart               Conj           #...         96%         1    ##.....
 Shock                    Conj/Air       #...         96%         1    ##.....
 Blink                    Tloc           N/A          99%         2    ###....
 Call Imp                 Summ           #.......     99%         2    ###....
 Passwall                 Tmut/Erth      #.......     99%         2    ###....
 Slow                     Hex            #.......     99%         2    ###....
 Swiftness                Chrm/Air       #.......     99%         2    ###....
 Conjure Flame            Conj/Fire      #.......     100%        3    ####...
 Mephitic Cloud           Conj/Pois/Air  #.......     100%        3    ####...
 Static Discharge         Conj/Air       #.......     100%        3    ####...
 Airstrike                Air            #.........   100%        4    #####..
 Passage of Golubria      Tloc           N/A          100%        4    #####..
 Lee's Rapid Deconstruct  Erth           #.........   100%        5    ######.
 Lightning Bolt           Conj/Air       #.........   100%        5    ######.
 Darkness                 Hex            #.........   100%        6    #######
 Invisibility             Hex            #.......     100%        6    #######


Dungeon Overview and Level Annotations

Branches:
Dungeon (7/15)             Temple (1/1) D:5

Altars:
Ashenzari
Cheibriados
Dithmenos
Elyvilon
Fedhas
Gozag
Hepliaklqana
Kikubaaqudgha
Makhleb
Nemelex Xobeh
Okawaru
Qazlal
Ru
Sif Muna
Trog
Uskayaw
Vehumet
Wu Jian
Xom
Yredelemnul
Zin
The Shining One

Shops:
D:5 }*

Annotations:
D:7 Harold


Innate Abilities, Weirdness & Mutations

You cannot wear most types of armour.
You are very stealthy in the water. (Stealth+)
You are amphibious.
You can wear up to eight rings at the same time.
You can use your tentacles to constrict eight enemies at once.
Your skin changes colour to match your surroundings (Stealth+).
Your rubbery body absorbs attacks. (AC +1, EV +1)


Message History

Harold is moderately wounded.
You constrict Harold, but do no damage. You block Harold's attack.
A crimson imp comes into view.
The crimson imp shouts!
You tentacle-slap Harold but do no damage.
Harold is moderately wounded.
You constrict Harold, but do no damage.
A wight comes into view. It is wielding a long sword.
You tentacle-slap Harold. You squeeze Harold, but do no damage.
Harold is moderately wounded.
You constrict Harold. Harold hits you with a halberd!
The crimson imp blinks!
A wight comes into view. It is wielding a falchion.
Okay, then.
Okay, then.
As you read the scroll of teleportation, it crumbles to dust.
You feel strangely unstable.
You constrict Harold. You block Harold's attack.
A wight comes into view. It is wielding a flail of crushing.
You release your grip on Harold.
Harold hits you from afar with a halberd!!
You die...

##.#..... ##.......
#........ #(#......
#####.##.....
###..#..####...
###.......# ##.<
###.........## ###
##.@..........#
###@............#
##..H.......<...##
#z...............# ###
zz....5...........####.#
.!.#......>..(......#..##
.# #............###.....#
#............## ##....#
..............# #.....#


You could see Harold, a hippogriff, 2 wights and a crimson imp.

Vanquished Creatures
  Pikel (D:5)
  Menkaure (D:5)
  An orc warrior (D:6)
  A slave (D:5)
  2 ogres (D:5)
  A centaur (D:5)
  2 bullfrogs (D:6)
  A scorpion (D:3)
  A howler monkey (D:4)
  A bullfrog zombie (D:5)
  3 orc priests
  2 hounds
  A bullfrog skeleton (D:6)
  A jelly (D:5)
  An orc wizard (D:5)
  A centaur skeleton (D:7)
  A gnoll shaman (D:4)
  4 worker ants
  An iguana (D:4)
  Robin (D:3)
  8 adders
  11 gnolls
  3 shadow imps (D:5)
  3 oozes
  An adder skeleton (D:6)
  6 worms
  3 dart slugs
  2 leopard geckos (D:4)
  16 orcs
  2 ball pythons
  6 giant cockroaches
  19 goblins
  8 hobgoblins
  9 jackals
  5 quokkas
  4 bats
  6 frilled lizards
  4 kobolds
  A leopard gecko skeleton (D:4)
  7 rats
152 creatures vanquished.

Vanquished Creatures (others)
  A crimson imp (D:5)
1 creature vanquished.

Grand Total: 153 creatures vanquished

Notes
Turn   | Place    | Note
-------+----------+-------------------------------------------
     0 | D:1      | KleinerIrrer the Octopode Fighter began the quest for the
                  | Orb.
     0 | D:1      | Reached XP level 1. HP: 16/16 MP: 1/1
   157 | D:1      | Reached XP level 2. HP: 21/21 MP: 2/2
   578 | D:2      | Reached XP level 3. HP: 20/26 MP: 3/3
   999 | D:2      | Reached XP level 4. HP: 26/31 MP: 4/4
  1612 | D:3      | Reached XP level 5. HP: 21/36 MP: 5/5
  2236 | D:3      | Reached skill level 4 in Shields
  2424 | D:3      | Reached XP level 6. HP: 41/42 MP: 6/6
  2459 | D:3      | Noticed Robin
  2487 | D:3      | Killed Robin
  3669 | D:4      | Reached skill level 5 in Unarmed Combat
  3669 | D:4      | Reached XP level 7. HP: 41/47 MP: 7/7
  4034 | D:4      | Found a shadowy altar of Dithmenos.
  4037 | D:4      | Found a shattered altar of Ashenzari.
  4679 | D:5      | Entered Level 5 of the Dungeon
  4700 | D:5      | Reached skill level 5 in Shields
  4719 | D:5      | Noticed Pikel
  4736 | D:5      | Killed Pikel
  4736 | D:5      | Reached skill level 6 in Shields
  4736 | D:5      | Reached XP level 8. HP: 41/54 MP: 8/8
  4955 | D:5      | Noticed Menkaure
  4966 | D:5      | Killed Menkaure
  5011 | D:5      | Found Ozooq's Gadget Shop.
  5021 | D:5      | Found Mymaqeho's General Store.
  5029 | D:5      | Bought a potion of curing for 42 gold pieces
  5029 | D:5      | Bought a scroll of magic mapping for 49 gold pieces
  5029 | D:5      | Bought a scroll of enchant armour for 105 gold pieces
  5166 | D:5      | Reached skill level 5 in Dodging
  5166 | D:5      | Reached skill level 7 in Shields
  5259 | D:5      | Found a staircase to the Ecumenical Temple.
  5336 | Temple   | Entered the Ecumenical Temple
  5553 | Temple   | Became a worshipper of Cheibriados the Contemplative
  5916 | D:6      | Reached XP level 9. HP: 26/58 MP: 9/9
  6369 | D:6      | Found a basalt altar of Yredelemnul.
  6507 | D:6      | Found a bloodstained altar of Trog.
  6507 | D:6      | Found an ornate altar of the Wu Jian Council.
  6744 | D:7      | Reached skill level 8 in Shields
  6753 | D:7      | Noticed Harold
  6770 | D:7      | Slain by Harold

Skill      XL: |  1  2  3  4  5  6  7  8  9 |
---------------+----------------------------+-----
Unarmed Combat | 3 4 5 6 7 |  7.8
Shields        | 4 6 7 8 |  8.0
Dodging        | 4 5 |  5.2
Fighting       | 4 |  4.0

Action                   |  1- 3 |  4- 6 |  7- 9 || total
-------------------------+-------+-------+-------++-------
Melee: Unarmed           |    76 |   147 |   160 ||   383
       Constrict         |    20 |    43 |    40 ||   103
       Tentacles         |    16 |    34 |    49 ||    99
       Punch             |     3 |     3 |    12 ||    18
  Use: Scroll            |     3 |     1 |     7 ||    11
       Potion            |       |     1 |     1 ||     2
 Stab: Sleeping          |     3 |     8 |     3 ||    14
  Eat: Chunk             |       |     9 |    10 ||    19
Armor: Skin              |     6 |     4 |     2 ||    12
Dodge: Dodged            |    31 |    45 |    32 ||   108
Block: Shield            |    30 |    50 |       ||    80
       Large shield      |       |    13 |   100 ||   113
